 Dungeon Crawl Stone Soup version 0.28-a0-883-gc8d7bad45d (webtiles) character file.

Game seed: 13938688136378300891

131 sanka the Chopper (level 4, -2/37 HPs)
             Began as a Palentonga Fighter on Nov 21, 2021.
             Slain by an ogre (18 damage)
             ... on level 5 of the Dungeon.
             The game lasted 00:02:50 (2401 turns).

sanka the Chopper (Palentonga Fighter)              Turns: 2401, Time: 00:02:50

Health: -2/37      AC:  7    Str: 19    XL:     4   Next: 91%
Magic:  4/4        EV:  7    Int:  9    God:
Gold:   61         SH:  4    Dex: 10    Spells: 3/3 levels left

rFire   . . .      SeeInvis +   a - +0 war axe
rCold   . . .      Faith    .   c - +0 buckler
rNeg    . . .      Spirit   .   b - +0 scale mail
rPois   .          Reflect  .   h - +0 helmet
rElec   .          Harm     .   (no cloak)
rCorr   +          Rampage  .   (no gloves)
Will    .....                   (no barding)
Stlth   ..........              (no amulet)
HPRegen 0.12/turn               (no ring)
MPRegen 0.09/turn               m - ring of resist corrosion

@: no status effects
A: large, rugged brown scales 3, see invisible, deformed body, roll 1, armoured
tail
a: Rolling Charge


You were on level 5 of the Dungeon.
You visited 1 branch of the dungeon, and saw 4 of its levels.

You collected 61 gold pieces.


Innate Abilities, Weirdness & Mutations

You are completely covered in rugged brown scales. (AC +3, +7% HP)
You have supernaturally acute eyesight. (SInv)
Armour fits poorly on your strangely shaped body.
You can roll at nearby foes to attack.
You have a long armoured tail.


   Skills:
 - Level 3.0 Fighting
 + Level 5.2 Axes
 - Level 2.4 Armour
 - Level 2.4 Shields


You had 3 spell levels left.
You didn't know any spells.
Your spell library was empty.

Inventory:

Hand Weapons
 a - a +0 war axe (weapon)
Armour
 b - a +0 scale mail (worn)
 c - a +0 buckler (worn)
 h - a +0 helmet (worn)
Jewellery
 m - a ring of resist corrosion (right hand)
Scrolls
 f - 3 scrolls of identify {@r1}
 g - a scroll of teleportation {@r4}
 i - a scroll of noise {!r}
 l - a scroll of immolation {!r}
 n - a scroll of vulnerability {unknown}
 o - a scroll of enchant armour {unknown}
Potions
 d - a potion of might
 e - 2 potions of curing {unknown}
 j - 2 potions of cancellation {unknown}
 k - a potion of resistance {unknown}

Dungeon Overview and Level Annotations

Branches:
Dungeon (3/15)

Altars:
The Shining One

▒...).)▒ ▒......▒
.▒▒ ▒▒▒.▒▒......
▒. ▒[▒ ▒....▒
▒.▒▒▒▒▒▒!▒ ....▒ ▒
.........▒ ....▒.▒
▒.......▒▒ .....
▒.......▒▒▒▒▒▒.▒▒▒
........▒▒.sOH.▒
▒.....w.▒▒.▒▒▒▒▒
▒......l▒▒.▒
▒.......▒▒s▒
▒.......▒▒.▒
▒.......▒▒l▒
▒.......▒▒.▒
../....£..l▒
▒.......▒▒▒▒


You could see an ogre and a scorpion.


Message History

You slash the orc!
You kill the orc!
You block the ogre's attack.
Your Axes skill increases to level 5!
Unknown command.
Unknown command.
Found a glowing sapphire potion.
You see here a +0 helmet.
A scorpion comes into view.
You see here a glowing sapphire potion.
The scorpion stings you but does no damage.
A worm comes into view.
An iguana comes into view.
The iguana hisses angrily.
The scorpion stings you but does no damage.
Found 13 gold pieces and a bronze wand.
The scorpion stings you but does no damage.
The iguana bites you.
* * * LOW HITPOINT WARNING * * *
Found 16 gold pieces.
The iguana bites you but does no damage.
Unknown command.
The ogre barely misses you.
As you read the scroll labelled YSOSHE WEECICS, it crumbles to dust.
It is a scroll of identify.
i - a scroll of noise
As you read the scroll of identify {@r1}, it crumbles to dust.
g - a scroll of teleportation The ogre hits you with a +0 giant club!!
You die...

Action                   |  1- 3 |  4- 6 || total
-------------------------+-------+-------++-------
Melee: War axe           |    93 |    66 ||   159
       Tailslap          |     7 |     4 ||    11
 Abil: Rolling Charge    |     1 |     1 ||     2
  Use: Scroll            |       |     2 ||     2
Armor: Scale mail        |    52 |    40 ||    92
Dodge: Dodged            |    38 |    32 ||    70
Block: Buckler           |    16 |    16 ||    32

Levels and vault maps discovered:
D:1:      scummos_arrival_simple_fountains, layout_loops_corners,
          hellmonk_ecumenical_altar_blasted
D:2:      layout_loops_ring, minmay_hexomino_c4
D:3:      layout_rooms, mainiacjoe_overflow_brackets, serial_rivers,
          chequers_serial_rivers_small_a, chequers_serial_rivers_micro_c,
          chequers_serial_rivers_room_b, chequers_serial_rivers_micro_a,
          chequers_serial_rivers_micro_d, chequers_serial_rivers_small_a,
          wander_ebering_terrifying_dragon_lair
D:5:      layout_loops_cross

Notes
Turn   | Place    | Note
-------+----------+-------------------------------------------
     0 | D:1      | sanka the Palentonga Fighter began the quest for the Orb.
     0 | D:1      | Reached XP level 1. HP: 19/19 MP: 1/1
    36 | D:1      | Found a faded altar of an unknown god.
    66 | D:1      | Reached XP level 2. HP: 25/25 MP: 2/2
   167 | D:1      | Reached skill level 3 in Axes
  1108 | D:1      | Reached XP level 3. HP: 25/31 MP: 3/3
  1239 | D:2      | Reached skill level 4 in Axes
  1476 | D:2      | Reached XP level 4. HP: 22/37 MP: 4/4
  2341 | D:3      | Found a glowing golden altar of the Shining One.
  2365 | D:5      | Entered Level 5 of the Dungeon
  2369 | D:5      | Noticed an ogre
  2375 | D:5      | Reached skill level 5 in Axes
  2378 | D:5      | Noticed a scorpion
  2401 | D:5      | Slain by an ogre

Vanquished Creatures
  An orc priest (D:5)
  3 gnolls
  2 worms (D:2)
  A dart slug (D:1)
  8 orcs
  A ball python (D:3)
  3 endoplasms (D:2)
  4 giant cockroaches
  3 goblins
  7 hobgoblins
  6 kobolds
  A quokka (D:1)
  10 bats
  A frilled lizard (D:2)
  6 rats (D:2)
57 creatures vanquished.
